 Dungeon Crawl Stone Soup version 0.23.0 (webtiles) character file.

Game seed: 7946835925903575395

1544977 Lochraine the Warrior (level 24, 202/202 HPs)
             Began as a Mummy Fighter on Feb 9, 2019.
             Was an Initiate of Gozag.
             Escaped with the Orb
             ... and 3 runes on Feb 10, 2019!
             The game lasted 05:08:56 (75656 turns).

Lochraine the Warrior (Mummy Fighter)              Turns: 75656, Time: 05:08:56

Health: 202/202    AC: 38    Str: 27 (29) XL:     24   Next: 75%
Magic:  36/36      EV: 15    Int: 10      God:    Gozag
Gold:   1464       SH: 18    Dex: 14 (16) Spells: 23/23 levels left

rFire    + . .     SeeInvis .   O - +7 scimitar (vamp) {!w}
rCold    + . .     Gourm    .   h - +3 shield
rNeg     + + +     Faith    .   Z - +8 plate armour {rF+}
rPois    ∞         Spirit   +   X - +2 helmet {Int+3}
rElec    .         Reflect  .   y - +0 cloak
rCorr    .         Harm     .   i - +2 pair of gloves {Str+3}
MR       +++..                  C - +2 pair of boots
Stlth    ..........             g - amulet of guardian spirit
HPRegen  0.43/turn              f - +5 ring of slaying
MPRegen  0.25/turn              s - ring of protection from fire

@: no status effects
A: no food or potions, fire vulnerability, cold resistance 1, negative energy
resistance 3, torment resistance, unbreathing, in touch with death 1
0: Orb of Zot
}: 3/15 runes: barnacled, silver, gossamer
a: Potion Petition, Call Merchant, Bribe Branch, Renounce Religion


You escaped.
You worshipped Gozag.
Gozag was most pleased with you.
You were not hungry.

You visited 9 branches of the dungeon, and saw 49 of its levels.
You also visited: Ice Cave and Volcano.

You collected 25976 gold pieces.
You spent 2996 gold pieces at shops.
You paid 21516 gold pieces to Gozag.

Inventory:

Hand Weapons
 a - a +7 demon blade of draining
   (You acquired it on level 2 of the Lair of Beasts)
 O - a +7 vampiric scimitar (weapon) {!w}
   (You acquired it on level 2 of the Crypt)
Missiles
 p - 10 javelins of penetration (quivered)
 Q - 10 throwing nets {!f}
Armour
 h - a +3 shield (worn)
   (You found it on level 1 of the Dungeon)
 i - a +2 pair of gloves of strength (worn)
   (You found it on level 4 of the Shoals)
 y - a +0 cloak (worn)
   (You found it on level 8 of the Dungeon)
 C - a +2 pair of boots (worn)
   (You found it on level 6 of the Dungeon)
 T - the +1 plate armour of the Sturgeon {rElec Str+3 Int+2}
   (You found it on level 4 of the Vaults)

   It affects your strength (+3).
   It affects your intelligence (+2).
   It insulates you from electricity.
 X - a +2 helmet of intelligence (worn)
   (You found it on level 5 of the Vaults)
 Z - a +8 plate armour of fire resistance (worn)
   (You found it on level 3 of the Crypt)
Jewellery
 b - an uncursed ring of magical power
   (You found it on level 4 of the Spider Nest)
 f - a +5 ring of slaying (left hand)
   (You took it off a vault sentinel on level 5 of the Vaults)
 g - an amulet of guardian spirit (around neck)
   (You found it on level 1 of the Dungeon)
 l - an uncursed ring of protection from magic
   (You found it on level 3 of the Spider Nest)
 s - a ring of protection from fire (right hand)
   (You bought it in a shop on level 1 of the Shoals)
 D - an uncursed ring of fire
   (You found it on level 3 of the Lair of Beasts)
 H - the ring "Kurrogar" {-Tele rC+ Dex+8 Stlth-}
   (You found it on level 2 of the Shoals)

   [ring of attention]

   It affects your dexterity (+8).
   It protects you from cold.
   It prevents most forms of teleportation.
   It makes you less stealthy.
 I - the ring "Liadefuixto" {rC+ Str+4 Dex+3}
   (You found it on level 2 of the Shoals)

   [ring of protection from cold]

   It affects your strength (+4).
   It affects your dexterity (+3).
   It protects you from cold.
 M - the ring of Utroygee {rPois SInv}
   (You found it on level 11 of the Dungeon)

   [ring of see invisible]

   It protects you from poison.
   It lets you see invisible.
 W - the ring "Ahak" {rCorr rC+ MR++ Dex+3 Slay-3}
   (You took it off an orc knight on level 5 of the Vaults)

   [ring of resist corrosion]

   It affects your dexterity (+3).
   It affects your accuracy and damage with ranged weapons and melee attacks
   (-3).
   It protects you from cold.
   It affects your resistance to hostile enchantments.
 Y - a +3 ring of slaying
   (You found it on level 5 of the Vaults)
Wands
 c - a wand of disintegration (19)
   (You found it on level 10 of the Dungeon)
 d - a wand of iceblast (19)
   (You found it on level 4 of the Shoals)
 t - a wand of flame (136)
   (You took it off an orc on level 6 of the Dungeon)
 u - a wand of paralysis (43)
   (You found it on level 2 of the Lair of Beasts)
 w - a wand of polymorph (11)
   (You found it on level 6 of the Dungeon)
 x - a wand of acid (2)
   (You bought it in a shop on level 1 of the Shoals)
 P - a wand of clouds (1)
   (You bought it in a shop on level 1 of the Shoals)
Scrolls
 e - 23 scrolls of remove curse {@r2}
 j - 5 scrolls of fog
 m - 4 scrolls of teleportation {@r4}
 o - 3 scrolls of fear
 q - a scroll of magic mapping
 r - 26 scrolls of identify {@r1}
 z - a scroll of summoning
 A - a scroll of torment
 K - 2 scrolls of blinking
 N - 10 scrolls of amnesia
 R - a scroll of holy word {!r}
Miscellaneous
 k - a lightning rod (4/4) {!a}
   (You found it on level 3 of the Spider Nest)
 n - a lamp of fire
   (You found it on level 5 of the Vaults)
 B - a fan of gales
   (You found it on level 3 of the Crypt)
 E - 2 sacks of spiders
 F - a crystal ball of energy
   (You found it on level 5 of the Vaults)
 L - a phial of floods
   (You found it on level 1 of the Lair of Beasts)
 V - a phantom mirror


   Skills:
 + Level 19.6 Fighting
 - Level 14.0 Long Blades
   Level 4.7 Maces & Flails
 + Level 16.9 Armour
 - Level 11.9 Dodging
 - Level 15.0 Shields
 + Level 19.6 Evocations


You had 23 spell levels left.
You didn't know any spells.
Your spell library contained the following spells:

 Spells                   Type           Power        Failure   Level  Hunger
 Animate Skeleton         Necr           N/A          91%         1    N/A
 Apportation              Tloc           #.....       91%         1    N/A
 Confusing Touch          Hex            #.....       91%         1    N/A
 Corona                   Hex            #......      91%         1    N/A
 Flame Tongue             Conj/Fire      #....        91%         1    N/A
 Freeze                   Ice            #...         91%         1    N/A
 Infusion                 Chrm           #...         91%         1    N/A
 Magic Dart               Conj           #...         91%         1    N/A
 Summon Butterflies       Summ           #.......     91%         1    N/A
 Summon Small Mammal      Summ           #...         91%         1    N/A
 Blink                    Tloc           N/A          97%         2    N/A
 Call Imp                 Summ           #.......     97%         2    N/A
 Corpse Rot               Necr           N/A          97%         2    N/A
 Ensorcelled Hibernation  Hex/Ice        #.....       97%         2    N/A
 Passwall                 Tmut/Erth      #.......     97%         2    N/A
 Poisonous Vapours        Pois/Air       #.....       97%         2    N/A
 Searing Ray              Conj           #.....       97%         2    N/A
 Shroud of Golubria       Chrm/Tloc      #.........   97%         2    N/A
 Slow                     Hex            #.......     97%         2    N/A
 Song of Slaying          Chrm           #.......     97%         2    N/A
 Throw Flame              Conj/Fire      #.....       97%         2    N/A
 Throw Frost              Conj/Ice       #.....       97%         2    N/A
 Confuse                  Hex            #.......     100%        3    N/A
 Conjure Flame            Conj/Fire      #.......     100%        3    N/A
 Dazzling Spray           Conj/Hex       #.....       100%        3    N/A
 Gell's Gravitas          Tloc           #.........   100%        3    N/A
 Ignite Poison            Fire/Tmut/Pois #.......     100%        3    N/A
 Inner Flame              Hex/Fire       #.......     100%        3    N/A
 Lesser Beckoning         Tloc           #.........   100%        3    N/A
 Mephitic Cloud           Conj/Pois/Air  #.......     100%        3    N/A
 Ozocubu's Armour         Chrm/Ice       #.......     100%        3    N/A
 Spectral Weapon          Hex/Chrm       #.......     100%        3    N/A
 Stone Arrow              Conj/Erth      #.....       100%        3    N/A
 Teleport Other           Tloc           #.......     100%        3    N/A
 Tukima's Dance           Hex            #.......     100%        3    N/A
 Cause Fear               Hex            #.........   100%        4    N/A
 Force Lance              Conj/Tloc      #.......     100%        4    N/A
 Fulminant Prism          Conj/Hex       #.........   100%        4    N/A
 Iskenderun's Mystic Bla  Conj           #.......     100%        4    N/A
 Leda's Liquefaction      Hex/Erth       #.........   100%        4    N/A
 Petrify                  Tmut/Erth      #.......     100%        4    N/A
 Sticky Flame             Conj/Fire      #.......     100%        4    N/A
 Summon Ice Beast         Ice/Summ       #.......     100%        4    N/A
 Throw Icicle             Conj/Ice       #.......     100%        4    N/A
 Alistair's Intoxication  Tmut/Pois      #.......     100%        5    N/A
 Bolt of Magma            Conj/Fire/Erth #.........   100%        5    N/A
 Borgnjor's Vile Clutch   Necr/Erth      #.........   100%        5    N/A
 Fireball                 Conj/Fire      #.........   100%        5    N/A
 Iskenderun's Battlesphe  Conj/Chrm      #.......     100%        5    N/A
 Metabolic Englaciation   Hex/Ice        #.........   100%        5    N/A
 Silence                  Hex/Air        #.........   100%        5    N/A
 Summon Forest            Summ/Tloc      #.........   100%        5    N/A
 Venom Bolt               Conj/Pois      #.........   100%        5    N/A
 Yara's Violent Unravell  Hex/Tmut       #.........   100%        5    N/A
 Bolt of Fire             Conj/Fire      #.........   100%        6    N/A
 Darkness                 Hex            #.........   100%        6    N/A
 Deflect Missiles         Chrm/Air       #.........   100%        6    N/A
 Freezing Cloud           Conj/Ice/Air   #.........   100%        6    N/A
 Invisibility             Hex            #.......     100%        6    N/A
 Iron Shot                Conj/Erth      #.........   100%        6    N/A
 Shadow Creatures         Summ           N/A          100%        6    N/A
 Orb of Destruction       Conj           #.........   100%        7    N/A
 Ring of Flames           Chrm/Fire      #.........   100%        7    N/A
 Spellforged Servitor     Conj/Summ      #.........   100%        7    N/A
 Summon Hydra             Summ           #.........   100%        7    N/A
 Discord                  Hex            #.........   100%        8    N/A
 Ignition                 Fire           #.........   100%        8    N/A
 Dragon's Call            Summ           #.........   100%        9    N/A
 Shatter                  Erth           #.........   100%        9    N/A
 Regeneration             Chrm/Necr      Unusable     N/A         3    N/A
 Passage of Golubria      Tloc           Unusable     N/A         4    N/A
 Hydra Form               Tmut           Unusable     N/A         6    N/A
 Statue Form              Tmut/Erth      Unusable     N/A         6    N/A
 Dragon Form              Tmut           Unusable     N/A         7    N/A

Dungeon Overview and Level Annotations

Branches:
Dungeon (15/15)            Temple (0/1) D:7            Lair (6/6) D:9
 Shoals (4/4) Lair:2       Spider (4/4) Lair:3        Slime (0/5) Lair:6
    Orc (2/2) D:11            Elf (0/3) Orc:2        Vaults (5/5) D:13
  Crypt (3/3) Vaults:3       Tomb (0/3) Crypt:3      Depths (5/5) D:15
    Zot (5/5) Depths:5

Altars:
Ashenzari
Cheibriados
Elyvilon
Gozag
Hepliaklqana
Kikubaaqudgha
Makhleb
Nemelex Xobeh
Okawaru
Qazlal
Ru
Sif Muna
Vehumet
Xom
The Shining One

Shops:
D:5 (   D:9 %   Orc:2 %!:(   Shoals:1 =}=[%   Vaults:3 [   Vaults:4 !*[
Zot:1 **   Depths:1 *

Portals:
Hell: Depths:3 Depths:5
Abyss: Depths:5
Pandemonium: Orc:2 Depths:3
Ziggurat: Depths:3
Trove: D:10 (give 6 scrolls of blinking)

Annotations:
D:2 Sigmund
D:3 3 runed translucent doors, Cynry's ghost, weakling FoHu
D:8 1 runed translucent door, emiel's ghost, novice TrAs
Lair:6 3 runed translucent doors, Hest's ghost, journeyman TeBe
Shoals:2 Ilsuiw
Orc:1 2 runed translucent doors, exclusion: orange crystal statue
Vaults:3 exclusion: orange crystal statue
Crypt:2 3 runed translucent doors, Heot Zafel's ghost, veteran MiGl; Zoalos's ghost, veteran GrEE
Zot:1 3 runed translucent doors, exclusion: obsidian statue, Heisao's ghost, legendary TrBe


Innate Abilities, Weirdness & Mutations

You do not eat or drink.
Your flesh is vulnerable to fire.
You are immune to poison.
Your flesh is cold resistant. (rC+)
You are immune to negative energy. (rN+++)
You are immune to unholy pain and torment.
You can survive without breathing.
You are in touch with the powers of death.


Message History

There is a stone staircase leading down here.
(D) Dungeon (T) Temple (L) Lair (A) Shoals (N) Spider Nest (M) Slime Pits (O) Orcish Mines (E) Elven Halls (V) Vaults (C) Crypt (W) Tomb (U) Depths (H) Hell (Z) Zot
Where to? (Enter - D:1, ? - help)
There is a stone staircase leading up here.
You climb upwards.
There is a stone staircase leading down here.
There is a stone staircase leading up here.
You climb upwards.
Level annotation: 3 runed translucent doors, Cynry's ghost, weakling FoHu
There is a stone staircase leading down here.
The orc shouts!
You hear an angry hiss.
Cynry's ghost turns its malevolent gaze towards you.
The frilled lizard hisses angrily.
A goblin comes into view. It is wielding a +0 club.
A rock wall.
This square is covered in magical glow.
The rock shatters into small pieces.
There is a stone staircase leading up here.
You block the goblin's attack.
You climb upwards.
Level annotation: Sigmund The kobold shouts!
There is a stone staircase leading down here.
You slash the goblin!
You kill the goblin!
You slash the kobold!
You kill the kobold!
(D) Dungeon (T) Temple (L) Lair (A) Shoals (N) Spider Nest (M) Slime Pits (O) Orcish Mines (E) Elven Halls (V) Vaults (C) Crypt (W) Tomb (U) Depths (H) Hell (Z) Zot
Where to? (Enter - D:1, ? - help)
A frilled lizard comes into view.
The frilled lizard hisses angrily.
There is a stone staircase leading up here.
You climb upwards.
There is a stone staircase leading down, spattered with blood here.
You see here a +0 dagger.
A rock wall.
This square is covered in magical glow.
The rock shatters into small pieces.
The now-empty wand crumbles to dust.
A shadow demon comes into view.
The shadow demon gestures.
There is a staircase leading out of the dungeon here.
You block the bat's attack.
The shadow demon gestures.
You have escaped!

####### #.....#### #######
#..⌠.....## ......#
####.........## ......#
#.#J.g...#....# ......#
##....2...###..### ......#
#...#..@..# ##...## ......#
#.........###.....#####
......####..#...b..#...........##
...........###.........#........#
......###....#..⌠.....##.........
.[...........#.....####..........
#............#.#####.............
#................................
#................................


You could see a shadow demon, an ooze, a goblin and a bat.

Vanquished Creatures
  3 ancient liches (Crypt:3)
  Khufu (Crypt:2)
  Mara (Crypt:2)
  Mennas (Vaults:2)
  Margery (Vaults:4)
  3 greater mummies (Crypt:2)
  Xtahua (Crypt:2)
  4 Killer Klowns (Zot:5)
  5 golden dragons
  2 bone dragons
  An electric golem (Zot:1)
  2 liches
  3 tentacled monstrosities
  12 Orb Guardians (Zot:5)
  4 quicksilver dragons
  5 titans
  A death cob (Zot:3)
  7 sphinxes
  A sphinx (shapeshifter) (Vaults:4)
  3 shadow dragons
  A draconian monk (Zot:5)
  7 fire giants
  5 storm dragons
  8 tengu reavers
  3 revenants
  A deep elf sorcerer (Vaults:4)
  4 frost giants
  A draconian knight (Zot:1)
  5 ghost moths
  A draconian scorcher (Zot:5)
  13 vault wardens
  7 emperor scorpions
  2 orc warlords
  4 curse skulls
  A draconian shifter (Zot:1)
  An iron dragon (Depths:5)
  8 ghouls (Crypt:2)
  2 draconian annihilators (Zot:5)
  11 ironheart preservers
  2 draconian stormcallers
  13 stone giants
  3 war gargoyles (Crypt:3)
  5 vampire knights
  12 very ugly things
  A black draconian (Zot:1)
  3 deep elf demonologists
  2 green draconians (Zot:1)
  2 red draconians (Depths:5)
  8 purple draconians
  2 spark wasps
  A deep elf annihilator (Vaults:5)
  2 eidola (Crypt:2)
  12 ettins
  3 deep elf death magi
  8 fire dragons
  A quicksilver dragon zombie (Crypt:3)
  12 yaktaur captains
  3 deep elf high priests
  10 jiangshi
  A great orb of eyes (Depths:5)
  An ice dragon (shapeshifter) (Vaults:5)
  15 ogre magi
  2 merfolk impalers
  A catoblepas (Depths:5)
  Harold (D:11)
  A spriggan air mage (Depths:3)
  3 rakshasas
  8 ice dragons
  3 hydras
  Erica (D:11)
  18 vault guards
  4 death knights
  2 alligator snapping turtles
  3 deep troll shamans
  8 centaur warriors
  2 merfolk avatars
  46 two-headed ogres
  Urug (Lair:1)
  3 vampire magi
  2 hell hogs (Volcano)
  A queen ant (Lair:2)
  3 orc high priests (Orc:2)
  5 death yaks
  3 deep troll earth magi
  Sonja (Lair:3)
  A spriggan berserker (Depths:5)
  Nergalle (D:11)
  7 deep elf knights
  2 sixfirhies
  3 fire crabs (Lair:3)
  An iron troll (Depths:1)
  18 skeletal warriors
  2 shadow wraiths
  An entropy weaver zombie (Crypt:1)
  6 sea snakes
  A salamander mystic (Depths:5)
  8 hell knights
  2 storm dragon skeletons (Crypt:3)
  A shadow demon (Zot:1)
  A torturous demonspawn (Orc:2)
  5 unseen horrors
  2 glowing orange brains
  6 flayed ghosts
  An anaconda zombie (Crypt:3)
  14 deep trolls
  A shadow dragon zombie (Crypt:3)
  3 wizards
  8 phantasmal warriors
  8 necromancers
  2 golden dragon skeletons (Crypt:3)
  2 lindwurms
  5 deep elf archers
  19 orc knights
  16 orb spiders
  26 wolf spiders
  2 fire giant zombies (Crypt:3)
  3 harpies (Shoals:1)
  13 ironbrand convokers
  13 deep elf magi
  64 ugly things
  2 sphinx skeletons
  8 orc sorcerers
  2 shadow dragon skeletons
  5 manticores
  3 fauns
  4 salamanders
  An elephant (Lair:4)
  3 fire giant skeletons (Crypt:3)
  5 merfolk sirens
  2 moths of wrath
  7 cyclopes
  2 black mambas (shapeshifter) (Vaults:1)
  4 ice statues (IceCv)
  7 black mambas
  A rust devil (Orc:2)
  2 iron dragon skeletons
  A naga mage (Depths:5)
  7 gargoyles
  14 vault sentinels
  A yaktaur zombie (Vaults:4)
  6 torpor snails
  An orange demon (Orc:2)
  A dire elephant skeleton (Crypt:3)
  A death yak zombie (Crypt:1)
  A red draconian zombie (Crypt:2)
  21 spiny frogs
  A white draconian zombie (Crypt:3)
  A ghost moth simulacrum (Crypt:2)
  6 komodo dragons
  37 yaktaurs
  6 rime drakes
  11 demonic crawlers
  11 ice devils (IceCv)
  A hellwing (Orc:2)
  A guardian mummy (D:15)
  2 freezing wraiths
  A rime drake (shapeshifter) (Depths:1)
  A green draconian skeleton (Crypt:1)
  A red draconian skeleton (Crypt:2)
  A tengu conjurer (Depths:5)
  10 merfolk
  3 trolls (shapeshifter)
  25 jumping spiders
  A grey draconian skeleton (Crypt:1)
  5 meliai
  2 queen bees
  5 trolls
  2 polar bears (D:13)
  A wind drake (shapeshifter) (Depths:5)
  A hornet (shapeshifter) (D:14)
  A wind drake (Shoals:2)
  2 tyrant leeches (Lair:6)
  14 hornets
  Prince Ribbit (D:6)
  A fire dragon zombie (D:15)
  A slime creature (shapeshifter) (D:11)
  2 dream sheep (Shoals:1)
  6 snapping turtles
  22 blink frogs
  6 bog bodies (Crypt:2)
  17 slime creatures
  19 hippogriffs
  A hippogriff (shapeshifter) (Vaults:3)
  A human simulacrum (Vaults:2)
  2 deep troll zombies (D:15)
  An ice dragon zombie (Crypt:3)
  9 water elementals
  74 redbacks
  A spriggan (D:10)
  A tarantella (shapeshifter) (Vaults:3)
  8 wyverns
  An alligator skeleton (Crypt:1)
  4 shadows
  13 fire dragon skeletons (Crypt:3)
  27 tarantellas
  8 basilisks
  10 wraiths
  5 vampires (Crypt:3)
  45 yaks
  A golden eye (Depths:1)
  A steam dragon (D:11)
  A fire bat (Volcano)
  5 hungry ghosts
  A human (shapeshifter) (Depths:5)
  12 vampire mosquitoes
  A warg (shapeshifter) (Vaults:5)
  Menkaure (D:6)
  6 wargs
  An acid dragon (D:15)
  A swamp worm (shapeshifter) (Vaults:5)
  13 water moccasins
  A water moccasin (shapeshifter) (D:10)
  6 soldier ants
  4 porcupines
  61 orc warriors
  3 black bears
  5 ice beasts
  2 sky beasts (D:8)
  Purgy (D:3)
  9 necrophages
  A fire dragon simulacrum (Crypt:2)
  4 phantoms
  17 centaurs
  40 ogres
  9 wolves
  An elephant skeleton (Crypt:2)
  13 crocodiles
  3 big kobolds
  32 bullfrogs
  2 earth elementals (Depths:5)
  A gnoll sergeant (D:8)
  A deep troll simulacrum (Vaults:4)
  A yaktaur skeleton (Crypt:2)
  2 human skeletons
  A salamander skeleton (Crypt:1)
  A wyvern skeleton (D:14)
  3 scorpions
  53 killer bees
  14 wights
  3 howler monkeys (D:13)
  3 electric eels
  9 crimson imps
  A bullfrog zombie (D:7)
  3 centaur zombies
  3 draconian simulacra (IceCv)
  8 centaur skeletons
  7 jellies
  45 orc wizards
  A gnoll shaman (D:8)
  27 orc priests
  9 hounds
  6 bullfrog skeletons
  22 worker ants
  4 iguanas
  A porcupine skeleton (Crypt:1)
  3 troll simulacra (IceCv)
  3 centaur simulacra
  4 hound skeletons
  A howler monkey zombie (D:11)
  20 gnolls
  13 adders
  A naga simulacrum (IceCv)
  An ogre simulacrum (IceCv)
  A swamp drake skeleton (Crypt:1)
  4 shadow imps
  An adder zombie (D:5)
  An ooze (Lair:6)
  An adder skeleton (D:8)
  2 worms (D:3)
  3 dart slugs
  7 leopard geckos
  141 orcs
  4 bats
  5 giant cockroaches
  6 goblins
  4 hobgoblins
  18 jackals
  15 kobolds
  7 quokkas
  3 ball pythons
  5 frilled lizards
  A kobold zombie (Crypt:3)
  2 quokka skeletons
  7 rats
  A plant (Shoals:2)
1981 creatures vanquished.

Vanquished Creatures (collateral kills)
  An orb of fire (Zot:1)
  2 ancient liches (Zot:1)
  Frederick (Vaults:4)
  A Killer Klown (Zot:5)
  2 curse toes (Zot:1)
  3 electric golems (Zot:1)
  6 Orb Guardians (Zot:5)
  A tentacled monstrosity (Zot:1)
  A quicksilver dragon (Zot:1)
  2 liches
  A titan (Vaults:5)
  A sphinx (Vaults:5)
  4 death cobs
  Agnes (Spider:3)
  2 draconian monks (Zot:1)
  5 storm dragons
  A fire giant (Depths:5)
  A shadow dragon (Vaults:5)
  A frost giant (Depths:5)
  A deep elf sorcerer (Vaults:5)
  3 draconian shifters (Zot:1)
  2 draconian knights (Zot:1)
  6 very ugly things
  2 entropy weavers
  A draconian annihilator (Zot:1)
  A green draconian (Zot:1)
  A black draconian (Zot:1)
  A deep elf demonologist (Vaults:4)
  5 red draconians
  2 white draconians (Zot:1)
  A yellow draconian (Zot:1)
  3 purple draconians
  An ettin (Depths:3)
  2 merfolk impalers
  A yaktaur captain (Depths:3)
  5 vault guards (Vaults:4)
  2 hydras
  A rakshasa (Depths:3)
  An ogre mage (Depths:3)
  A death knight (Crypt:2)
  An alligator snapping turtle (Shoals:2)
  A two-headed ogre (Depths:3)
  A vampire mage (Depths:5)
  3 hell hogs (Zot:4)
  2 merfolk aquamancers (Shoals:4)
  2 satyrs
  A sun demon (Zot:4)
  An orc high priest (Orc:2)
  A flayed ghost (Crypt:2)
  A hell knight (Vaults:4)
  4 sea snakes
  A glowing orange brain (Vaults:2)
  An infernal demonspawn (Orc:2)
  A deep troll (Vaults:5)
  A swamp dragon (Zot:5)
  An ironbrand convoker (Vaults:5)
  3 harpies (Shoals:2)
  A wolf spider (Vaults:5)
  3 orc sorcerers (Orc:2)
  A salamander (Depths:5)
  6 fauns (Shoals:4)
  7 moths of wrath
  2 merfolk sirens
  A deep elf mage (Vaults:5)
  3 manticores
  A cyclops (Shoals:1)
  A black mamba (shapeshifter) (Depths:5)
  2 water nymphs
  A guardian serpent (Zot:4)
  A komodo dragon (Lair:1)
  A demonic crawler (Zot:1)
  2 yaktaurs
  A tengu conjurer (D:15)
  A red devil (Zot:1)
  8 merfolk
  2 jumping spiders (Spider:3)
  A tyrant leech (Lair:6)
  A wind drake (Shoals:4)
  9 snapping turtles
  4 slime creatures
  A hippogriff (Shoals:4)
  A water elemental (Shoals:2)
  A tarantella (Spider:3)
  4 redbacks (Spider:3)
  A chaos spawn (Zot:5)
  5 orc warriors
  A wolf (Lair:4)
  A small abomination (Zot:4)
  A bullfrog (Lair:4)
  A killer bee (Lair:4)
  An electric eel (Lair:6)
  5 orcs
  19 plants
208 creatures vanquished.

Vanquished Creatures (others)
  An ancient lich (Vaults:5)
  A curse toe (Zot:5)
  3 tentacled monstrosities
  A lich (Depths:5)
  2 Orb Guardians (Zot:5)
  A sphinx (Depths:5)
  2 tengu reavers (Vaults:5)
  2 draconian monks (Zot:1)
  2 frost giants
  2 draconian scorchers
  2 fire giants (Vaults:5)
  A vault warden (Vaults:5)
  A reaper (Zot:1)
  A war gargoyle (Vaults:5)
  2 stone giants
  An ironheart preserver (Vaults:5)
  A black draconian (Zot:2)
  An ettin (Depths:5)
  2 merfolk javelineers (Shoals:4)
  A deep elf high priest (Vaults:5)
  2 yaktaur captains (Vaults:5)
  A fire dragon (Depths:5)
  A great orb of eyes (Depths:5)
  2 merfolk avatars (Shoals:3)
  A merfolk aquamancer (Shoals:2)
  2 two-headed ogres (Depths:3)
  An ogre mage (Vaults:5)
  A fire crab (Lair:3)
  4 fauns
  A phantasmal warrior (Vaults:5)
  A deep troll (Depths:3)
  3 merfolk sirens
  2 moths of wrath
  A water nymph (Shoals:2)
  A freezing wraith (Vaults:5)
  9 merfolk
  A tyrant leech (Lair:6)
  A polar bear (D:13)
  A meliai (Lair:4)
  A wind drake (Shoals:4)
  A slime creature (Depths:3)
  A redback (Spider:4)
  A water elemental (Shoals:3)
  A black bear (shapeshifter) (Depths:3)
  An ogre (Vaults:5)
  A centaur (Volcano)
  A killer bee (Lair:4)
  An orc wizard (D:10)
  A kobold (D:11)
  16 fungi
  97 plants
  11 withered plants (D:15)
200 creatures vanquished.

Grand Total: 2389 creatures vanquished

Notes
Turn   | Place    | Note
-------+----------+-------------------------------------------
     0 | D:1      | Lochraine the Mummy Fighter began the quest for the Orb.
     0 | D:1      | Reached XP level 1. HP: 18/18 MP: 1/1
   124 | D:1      | Reached XP level 2. HP: 14/24 MP: 2/2
   883 | D:2      | Noticed Sigmund
   977 | D:2      | Reached XP level 3. HP: 27/29 MP: 3/3
  1242 | D:3      | Found an opulent altar of Gozag.
  1243 | D:3      | Found a sparkling altar of Nemelex Xobeh.
  1248 | D:3      | Became a worshipper of Gozag Ym Sagoz the Greedy
  1299 | D:3      | Found a runed translucent gate.
  1301 | D:3      | Found a runed translucent gate.
  1301 | D:3      | Noticed Cynry's ghost (weakling FoHu)
  1302 | D:3      | Found a runed translucent gate.
  1487 | D:3      | Reached XP level 4. HP: 32/35 MP: 4/4
  1977 | D:4      | Noticed Purgy
  2090 | D:4      | Reached XP level 5. HP: 41/42 MP: 5/5
  2318 | D:4      | Noticed an ogre
  2505 | D:3      | Killed Purgy
  2505 | D:3      | Reached XP level 6. HP: 37/48 MP: 6/6
  2604 | D:4      | Reached skill level 1 in Dodging
  2934 | D:4      | Reached XP level 7. HP: 41/55 MP: 4/7
  3170 | D:4      | Reached skill level 5 in Fighting
  3448 | D:5      | Entered Level 5 of the Dungeon
  3514 | D:5      | Found a glowing golden altar of the Shining One.
  3793 | D:5      | Found Lamytt's Antique Weapon Shop.
  4104 | D:6      | Noticed Prince Ribbit
  4128 | D:6      | Killed Prince Ribbit
  4128 | D:6      | Reached XP level 8. HP: 54/63 MP: 6/8
  4750 | D:6      | Found a shattered altar of Ashenzari.
  4785 | D:6      | Noticed Menkaure
  4796 | D:6      | Killed Menkaure
  5009 | D:6      | Reached skill level 5 in Armour
  5009 | D:6      | Reached skill level 5 in Shields
  5144 | D:6      | Found a shimmering altar of Xom.
  5145 | D:6      | Found a hazy altar of Hepliaklqana.
  5146 | D:6      | Noticed a spectral ugly thing
  5784 | D:7      | Reached XP level 9. HP: 53/71 MP: 6/9
  5935 | D:7      | Found a staircase to the Ecumenical Temple.
  7353 | D:8      | Reached skill level 5 in Dodging
  7846 | D:8      | Reached skill level 1 in Maces & Flails
  7900 | D:8      | Reached XP level 10. HP: 49/80 MP: 7/10
  8228 | D:8      | Found a burning altar of Makhleb.
  8405 | D:8      | Found a runed translucent door.
  8539 | D:8      | Noticed emiel's ghost (novice TrAs)
  8831 | D:9      | Found an iron altar of Okawaru.
  8831 | D:9      | Found a deep blue altar of Sif Muna.
  8911 | D:9      | Found a radiant altar of Vehumet.
  8971 | D:9      | Found Conkig's Food Shop.
  9385 | D:9      | Noticed a death yak
  9404 | D:9      | Killed a death yak
  9572 | D:9      | Found a staircase to the Lair.
  9594 | Lair:1   | Entered Level 1 of the Lair of Beasts
  9765 | Lair:1   | Noticed a spiny frog
  9784 | Lair:1   | Killed a spiny frog
  9784 | Lair:1   | Reached XP level 11. HP: 58/89 MP: 7/11
  9837 | Lair:1   | Noticed Urug
  9903 | Lair:1   | Killed Urug
 10228 | Lair:1   | Reached skill level 1 in Evocations
 10822 | Lair:2   | Found a sacrificial altar of Ru.
 10918 | Lair:2   | Found a staircase to the Shoals.
 11086 | Lair:2   | Identified a scroll of acquirement
 11251 | Lair:2   | Noticed a queen ant
 11262 | Lair:2   | Killed a queen ant
 11798 | Lair:3   | Found a hole to the Spider Nest.
 11870 | Lair:3   | Found a runed translucent door.
 11943 | Lair:3   | Noticed Sonja
 11962 | Lair:3   | Killed Sonja
 11983 | Lair:3   | Reached skill level 10 in Fighting
 12358 | Lair:3   | Noticed a fire crab
 12423 | Lair:3   | Killed a fire crab
 12423 | Lair:3   | Reached XP level 12. HP: 52/97 MP: 8/15
 12621 | Lair:3   | Noticed an entropy weaver
 12630 | Lair:3   | Noticed an ice dragon
 12630 | Lair:3   | an entropy weaver changed into an ice dragon
 12644 | Lair:3   | Killed an ice dragon
 12779 | Lair:3   | Noticed an entropy weaver
 12785 | Lair:3   | Killed an entropy weaver
 12805 | Lair:3   | Killed a fire crab
 12806 | Lair:3   | Reached skill level 5 in Evocations
 13048 | Lair:3   | Noticed an entropy weaver
 13360 | Lair:4   | Found a dark tunnel.
 13366 | Volcano  | Entered a volcano
 13391 | Volcano  | Noticed a hell hog
 13397 | Volcano  | Killed a hell hog
 13496 | Volcano  | Noticed a hell hog
 13502 | Volcano  | Killed a hell hog
 14675 | Lair:4   | Noticed a five-headed hydra
 14896 | Lair:4   | Killed a five-headed hydra
 15020 | Lair:4   | Reached skill level 5 in Long Blades
 15556 | Lair:4   | Gained mutation: You are in touch with the powers of death.
                  | [Mummy growth]
 15556 | Lair:4   | Reached XP level 13. HP: 60/105 MP: 13/18
 16940 | Lair:5   | Found a white marble altar of Elyvilon.
 17291 | Lair:6   | Entered Level 6 of the Lair of Beasts
 19422 | Lair:6   | Reached XP level 14. HP: 83/113 MP: 15/20
 19479 | Lair:6   | Found a staircase to the Slime Pits.
 19573 | Lair:6   | Found a runed translucent gate.
 19573 | Lair:6   | Found a runed translucent gate.
 19573 | Lair:6   | Found a runed translucent gate.
 19584 | Lair:6   | Noticed Hest's ghost (journeyman TeBe)
 20339 | D:10     | Entered Level 10 of the Dungeon
 20477 | D:10     | Reached skill level 10 in Armour
 20660 | D:10     | Found a snail-covered altar of Cheibriados.
 20722 | D:10     | Found a burning altar of Makhleb.
 20859 | D:10     | Found a portal to a secret trove of treasure.
 21394 | D:11     | Noticed Harold
 21410 | D:11     | Killed Harold
 21412 | D:11     | Noticed Nergalle
 21436 | D:11     | Killed Nergalle
 21609 | D:11     | Identified the cursed +0 plate armour "Zinticki" {Dex+2}
 21667 | D:11     | Noticed Erica
 21706 | D:11     | Killed Erica
 22073 | D:11     | Got a twitching tin ring
 22079 | D:11     | Identified the ring of Utroygee {rPois SInv} (You found it
                  | on level 11 of the Dungeon)
 22337 | D:11     | Reached skill level 10 in Evocations
 22744 | D:11     | Found a staircase to the Orcish Mines.
 22953 | D:12     | Found a stormy altar of Qazlal.
 23257 | D:12     | Found a runed translucent door.
 23339 | D:12     | Found a runed translucent door.
 23339 | D:12     | Found a runed translucent door.
 23693 | D:13     | Found a frozen archway.
 23955 | IceCv    | Entered an ice cave
 24024 | IceCv    | Reached XP level 15. HP: 80/122 MP: 18/22
 25265 | IceCv    | Found the +3 Elemental Staff {rElec rF++ rC++ MR++ AC+5}
 25574 | IceCv    | Got a shimmering leather armour
 25800 | D:13     | Found a gate to the Vaults.
 27102 | D:15     | Entered Level 15 of the Dungeon
 27220 | D:14     | Reached skill level 10 in Long Blades
 28390 | Orc:1    | Entered Level 1 of the Orcish Mines
 28538 | Orc:1    | Noticed an orc warlord
 28827 | D:11     | Killed an orc warlord
 29022 | Orc:1    | Noticed an orc warlord
 29519 | Orc:1    | Paralysed by an orc sorcerer for 5 turns
 30430 | Orc:1    | Killed an orc warlord
 30589 | Orc:1    | Found a runed translucent door.
 30617 | Orc:1    | Found the +10 large shield of Ignorance {rN+ Int-4}
 30622 | Orc:1    | Found a runed translucent door.
 30878 | Orc:2    | Entered Level 2 of the Orcish Mines
 31067 | Orc:2    | Found a staircase to the Elven Halls.
 31160 | Orc:2    | Found a shimmering altar of Xom.
 31470 | Orc:2    | Identified the Compendium of Blistering Feathers
 31837 | Orc:2    | Found Bokoniux's Food Shop.
 32184 | Orc:2    | Found Daqiatiz's Distillery.
 32662 | Orc:2    | Found Janwaoc's Antique Weapon Emporium.
 32662 | Orc:2    | Found Lutwutuann's Book Shoppe.
 32663 | Orc:2    | Found a one-way gate leading to the halls of Pandemonium.
 32669 | Orc:2    | Reached XP level 16. HP: 44/130 MP: 12/24
 32674 | Orc:2    | Bought a jewelled dagger for 210 gold pieces
 33198 | Spider:1 | Entered Level 1 of the Spider Nest
 35238 | Spider:2 | Reached skill level 10 in Shields
 37749 | Spider:4 | Entered Level 4 of the Spider Nest
 38244 | Spider:4 | Noticed Agnes
 38254 | Spider:3 | Killed Agnes
 41008 | Spider:4 | Reached XP level 17. HP: 138/138 MP: 26/26
 42475 | Spider:4 | Got a gossamer rune of Zot
 42670 | Shoals:1 | Entered Level 1 of the Shoals
 42792 | Shoals:1 | Found Eruthrookk's Armour Emporium.
 42807 | Shoals:1 | Bought a +1 pair of gloves of archery for 165 gold pieces
 42807 | Shoals:1 | Bought a +2 helmet for 165 gold pieces
 43039 | Shoals:2 | Found a transporter.
 43630 | Shoals:4 | Entered Level 4 of the Shoals
 43665 | Shoals:4 | Got a shimmering scale mail
 43668 | Shoals:4 | Identified the +0 scale mail of Baidet {rElec} (You found
                  | it on level 4 of the Shoals)
 43671 | Shoals:4 | Identified the +5 dagger "Pymiotau" {holy, rF++ Int+3} (You
                  | bought it in a shop on level 2 of the Orcish Mines)
 43673 | Shoals:4 | Identified the +2 leather armour of the Boiling Point
                  | {Str+2} (You found it in an ice cave)
 43681 | Shoals:4 | Noticed Ilsuiw
 43854 | Shoals:4 | Identified the cursed +0 scale mail of Nazuboif {SInv}
 44255 | Shoals:4 | Got a barnacled rune of Zot
 44614 | Shoals:2 | Found a transporter.
 44950 | Shoals:2 | Paralysed by the power of Zot for 5 turns
 44989 | Shoals:2 | Got a scintillating tin ring
 45003 | Shoals:2 | Got a crude lead ring
 45016 | Shoals:2 | Identified the ring "Liadefuixto" {rC+ Str+4 Dex+3} (You
                  | found it on level 2 of the Shoals)
 45018 | Shoals:2 | Identified the ring "Kurrogar" {-Tele rC+ Dex+8 Stlth-}
                  | (You found it on level 2 of the Shoals)
 45083 | Shoals:1 | Found Woururax's Jewellery Emporium.
 45094 | Shoals:1 | Bought an uncursed ring of protection from fire for 425
                  | gold pieces
 45132 | Shoals:1 | Found Peeq's Gadget Shoppe.
 45142 | Shoals:1 | Bought a sack of spiders for 260 gold pieces
 45142 | Shoals:1 | Bought a wand of paralysis (11) for 169 gold pieces
 45142 | Shoals:1 | Bought a sack of spiders for 260 gold pieces
 45142 | Shoals:1 | Bought a wand of digging (7) for 286 gold pieces
 45142 | Shoals:1 | Bought a wand of disintegration (15) for 247 gold pieces
 45142 | Shoals:1 | Bought a wand of clouds (7) for 429 gold pieces
 45142 | Shoals:1 | Bought a wand of acid (6) for 260 gold pieces
 45156 | Shoals:1 | Found Fosmonn's Jewellery Shoppe.
 45180 | Shoals:1 | Found Netytt's Food Emporium.
 45191 | Shoals:1 | You fall through a shaft!
 45651 | Vaults:1 | Entered Level 1 of the Vaults
 46521 | Vaults:1 | Reached XP level 18. HP: 115/146 MP: 22/28
 48414 | Vaults:2 | Noticed Mennas
 48434 | Vaults:2 | Killed Mennas
 50080 | Vaults:2 | Reached XP level 19. HP: 85/154 MP: 17/29
 50752 | Vaults:2 | Got a bloodstained chain mail
 50826 | Vaults:2 | Identified the +7 chain mail of the Rabble {rPois Str-3
                  | Dex+6} (You found it on level 2 of the Vaults)
 51175 | Vaults:3 | HP: 5/154 [ettin/+0 dire flail (25)]
 51717 | Vaults:3 | Reached skill level 15 in Fighting
 52479 | Vaults:3 | Found Ythuef's Antique Armour Shop.
 52622 | Vaults:3 | Found a staircase to the Crypt.
 53179 | Vaults:4 | Reached skill level 15 in Evocations
 53283 | Vaults:4 | Found Zakhlokudwy's Assorted Antiques.
 53838 | Vaults:4 | Noticed Frederick
 53849 | Vaults:4 | Killed Frederick
 54322 | Vaults:4 | Noticed a Tzitzimitl
 54362 | Vaults:4 | Reached XP level 20. HP: 62/163 MP: 21/31
 54866 | Vaults:4 | Noticed Margery
 54905 | Vaults:4 | Killed Margery
 55284 | Vaults:4 | Got an ancient plate armour
 55370 | Vaults:4 | Found a white marble altar of Elyvilon.
 55523 | Vaults:4 | Found Wadeh's Armour Boutique.
 55945 | Vaults:4 | Found Ziofothro's Distillery.
 55984 | Vaults:5 | Entered Level 5 of the Vaults
 55984 | Vaults:5 | Noticed a golden dragon
 55993 | Vaults:5 | Noticed an ancient lich
 55994 | Vaults:5 | Noticed a golden dragon
 56720 | Vaults:5 | Noticed a golden dragon
 56787 | Vaults:5 | Noticed a golden dragon
 56820 | Vaults:4 | Killed a golden dragon
 57056 | Vaults:5 | Got a silver rune of Zot
 57573 | Vaults:5 | Identified the ring "Ahak" {rCorr rC+ MR++ Dex+3 Slay-3}
 57706 | Vaults:5 | Killed a golden dragon
 57751 | Vaults:5 | Noticed a golden dragon
 58053 | Vaults:5 | Identified the +1 plate armour of the Sturgeon {rElec Str+3
                  | Int+2} (You found it on level 4 of the Vaults)
 58098 | Vaults:5 | Reached XP level 21. HP: 160/172 MP: 29/33
 58333 | Vaults:5 | Killed a golden dragon
 58767 | Vaults:5 | Killed a golden dragon
 59273 | Vaults:5 | Killed a golden dragon
 60472 | Crypt:1  | Entered Level 1 of the Crypt
 62009 | Crypt:2  | Paralysed by something for 3 turns
 62216 | Crypt:2  | Noticed Mara
 62242 | Crypt:2  | Noticed Lochraine's illusion
 62688 | Crypt:2  | Noticed Khufu
 62719 | Crypt:2  | Killed Khufu
 62730 | Crypt:2  | Noticed a greater mummy
 63294 | Crypt:2  | Noticed a greater mummy
 63392 | Crypt:2  | Noticed a greater mummy
 63505 | Crypt:2  | Killed a greater mummy
 63505 | Crypt:2  | Reached XP level 22. HP: 155/182 MP: 28/34
 63636 | Crypt:2  | Killed a greater mummy
 63947 | Crypt:2  | Killed a greater mummy
 64144 | Crypt:2  | Noticed Lochraine's illusion
 64169 | Crypt:2  | Noticed Lochraine's illusion
 64197 | Crypt:2  | Killed Mara
 64660 | Crypt:2  | Found a runed translucent gate.
 64661 | Crypt:2  | Found a runed translucent gate.
 64662 | Crypt:2  | Found a runed translucent gate.
 64694 | Crypt:2  | Noticed Zoalos's ghost (veteran GrEE)
 64694 | Crypt:2  | Noticed Heot Zafel's ghost (veteran MiGl)
 64756 | Crypt:2  | Noticed Xtahua
 64767 | Crypt:2  | Killed Xtahua
 64767 | Crypt:2  | Reached skill level 15 in Armour
 65224 | Crypt:3  | Entered Level 3 of the Crypt
 67021 | Crypt:3  | Found a staircase to the Tomb.
 67021 | Crypt:3  | Noticed an ancient lich
 67122 | Crypt:3  | Found an ancient bone altar of Kikubaaqudgha.
 67124 | Crypt:3  | Noticed an ancient lich
 67136 | Crypt:3  | Killed an ancient lich
 67239 | Crypt:3  | Got ancient fire dragon scales
 67242 | Crypt:3  | Identified the cursed +1 fire dragon scales of Minor
                  | Irritation {rPois rF++ rC- MR+} (You found it on level 3 of
                  | the Crypt)
 67249 | Crypt:3  | Noticed an ancient lich
 67249 | Crypt:3  | Paralysed by an ancient lich for 3 turns
 67273 | Crypt:3  | Killed an ancient lich
 67379 | Crypt:3  | Killed an ancient lich
 68058 | D:15     | Found a staircase to the Depths.
 68620 | Depths:1 | Entered Level 1 of the Depths
 68686 | Depths:1 | Found Ruowo's General Store.
 68722 | Depths:1 | Reached XP level 23. HP: 126/190 MP: 29/36
 68814 | Depths:1 | Bought a scroll of enchant armour for 120 gold pieces
 69105 | Depths:1 | Reached skill level 10 in Dodging
 69229 | Depths:1 | Got a fine ring mail
 69231 | Depths:1 | Identified the +1 ring mail of Calculation {Regen+} (You
                  | found it on level 1 of the Depths)
 69384 | Depths:3 | Found a gateway to Hell.
 69483 | Depths:3 | Found a gateway to a ziggurat.
 69589 | Depths:5 | Entered Level 5 of the Depths
 69845 | Depths:5 | Identified the Papyrus of Stones
 69880 | Depths:5 | Found a one-way gate to the infinite horrors of the Abyss.
 70222 | Depths:5 | Paralysed by something for 4 turns
 70520 | Depths:5 | Found a gate to the Realm of Zot.
 70529 | Zot:1    | Entered Level 1 of the Realm of Zot
 70681 | Zot:1    | Found a huge runed gate.
 70681 | Zot:1    | Found a huge runed gate.
 70681 | Zot:1    | Found a huge runed gate.
 70681 | Zot:1    | Found a huge runed gate.
 70681 | Zot:1    | Found a huge runed gate.
 70688 | Zot:1    | Found a huge runed gate.
 70688 | Zot:1    | Found a huge runed gate.
 70702 | Zot:1    | Noticed an orb of fire
 70702 | Zot:1    | Noticed an ancient lich
 70702 | Zot:1    | Noticed an ancient lich
 70704 | Zot:1    | Noticed a curse toe
 70714 | Zot:1    | Killed a curse toe
 70714 | Zot:1    | Reached skill level 15 in Shields
 71325 | Zot:1    | Noticed a curse toe
 71356 | Zot:1    | Killed a curse toe
 71573 | Zot:1    | Found a runed translucent gate.
 71574 | Zot:1    | Found a runed translucent gate.
 71575 | Zot:1    | Found a runed translucent gate.
 71577 | Zot:1    | Found an opulent altar of Gozag.
 71577 | Zot:1    | Found Tewnuv's Assorted Antiques.
 71578 | Zot:1    | Found Vakhliwe's Assorted Antiques.
 71578 | Zot:1    | Noticed Heisao's ghost (legendary TrBe)
 71901 | Zot:1    | Noticed an orb of fire
 71921 | Zot:1    | Killed an orb of fire
 71948 | Zot:1    | Reached XP level 24. HP: 101/199 MP: 11/36
 72415 | Zot:1    | HP: 3/199 [orb of fire/fireball (27)]
 73477 | Zot:5    | Entered Level 5 of the Realm of Zot
 73568 | Zot:5    | Noticed a Killer Klown
 73607 | Zot:5    | Killed a Killer Klown
 74432 | Zot:5    | Noticed a Killer Klown
 74511 | Zot:5    | Killed a Killer Klown
 74640 | Zot:5    | Noticed a Killer Klown
 74668 | Zot:5    | Killed a Killer Klown
 74808 | Zot:5    | Noticed a Killer Klown
 74858 | Zot:5    | Noticed a Killer Klown
 74876 | Zot:5    | Killed a Killer Klown
 74891 | Zot:5    | Killed a Killer Klown
 74989 | Zot:5    | Got the Orb of Zot
 75070 | Zot:4    | Noticed Moen the pandemonium lord
 75358 | D:15     | Noticed Ixufaic the pandemonium lord
 75550 | D:6      | Noticed Virphiybu the pandemonium lord
 75656 | D:$      | Escaped with the Orb!

Skill      XL: |  1  2  3  4  5  6  7  8  9 10 11 12 13 14 15 16 17 18 19 20 21 22 23 24 |
---------------+-------------------------------------------------------------------------+-----
Long Blades    | 2 3 5 7 9 10 11 12 13 14 | 14.0
Shields        | 3 4 5 6 7 8 9 10 11 12 13 14 15 | 15.0
Armour         | 3 4 5 6 7 8 9 10 11 12 13 14 15 16 | 16.9
Fighting       | 4 5 6 7 9 10 11 12 13 14 15 16 17 18 19 | 19.6
Dodging        | 1 2 4 5 9 11 | 11.9
Maces & Flails | 1 4 |  4.7
Evocations     | 4 6 8 10 11 12 13 14 15 16 17 18 19 | 19.6

Action                   |  1- 3 |  4- 6 |  7- 9 | 10-12 | 13-15 | 16-18 | 19-21 | 22-24 || total
-------------------------+-------+-------+-------+-------+-------+-------+-------+-------++-------
Melee: Long sword        |   138 |       |       |       |       |       |       |       ||   138
       Short sword       |    16 |    61 |    59 |       |       |       |       |       ||   136
       Whip              |       |    65 |   536 |   514 |       |       |       |       ||  1115
       Demon blade       |       |       |       |   402 |  2135 |  2040 |  2015 |   971 ||  7563
       Scimitar          |       |       |       |       |       |       |       |  1455 ||  1455
Throw: Throwing net      |       |       |       |     4 |     1 |     1 |       |       ||     6
       Javelin           |       |       |       |       |     4 |       |       |       ||     4
Invok: Potion Petition   |       |       |       |     1 |     2 |     1 |     4 |     7 ||    15
       Bribe Branch      |       |       |       |       |       |     1 |     1 |     3 ||     5
Evoke: Wand              |       |       |     3 |    40 |    16 |    24 |    24 |    20 ||   127
       Phial of floods   |       |       |       |     2 |     3 |     3 |     4 |     3 ||    15
       Box of beasts     |       |       |       |       |     3 |     3 |       |       ||     6
       Sack of spiders   |       |       |       |       |     3 |     2 |     1 |     5 ||    11
       Lightning rod     |       |       |       |       |       |     8 |    16 |     3 ||    27
       Lamp of fire      |       |       |       |       |       |       |     2 |     2 ||     4
       Crystal ball of e |       |       |       |       |       |       |     1 |     1 ||     2
       Phantom mirror    |       |       |       |       |       |       |       |     1 ||     1
  Use: Scroll            |     1 |       |     5 |    11 |     7 |    12 |    17 |    27 ||    80
 Stab: Distracted        |       |     1 |     2 |     4 |    11 |    16 |    11 |    16 ||    61
       Paralysed         |       |       |       |    28 |    12 |     6 |     7 |     7 ||    60
       Sleeping          |       |       |       |     1 |       |       |       |       ||     1
       Held in net/web   |       |       |       |     1 |       |       |       |       ||     1
       Confused          |       |       |       |       |       |       |       |     4 ||     4
Armor: Scale mail        |    79 |    52 |   180 |   161 |       |       |       |       ||   472
       Chain mail        |       |       |       |   105 |   625 |   791 |   378 |       ||  1899
       Plate armour      |       |       |       |       |       |       |   301 |   987 ||  1288
Dodge: Dodged            |    53 |    35 |   189 |   261 |   498 |   588 |   417 |   797 ||  2838
Block: Shield            |    72 |    65 |   365 |   619 |  1424 |  1434 |  1035 |  1545 ||  6559
       Rpst.: Long sword |    17 |       |       |       |       |       |       |       ||    17
       Demon blade       |       |       |       |    34 |   135 |   109 |    83 |    46 ||   407
       Scimitar          |       |       |       |       |       |       |       |    92 ||    92
